Map: Acropolis LE

Players

Namshar - Winner!

  • Race: Zerg Zerg
  • League: Grandmaster
  • Spawn Location: 5:00

HateMe

  • Race: Zerg Zerg
  • League: Master
  • Spawn Location: 11:00

Event: HomeStory Cup XIX

VOD

Have the link to the VOD?

Description

Time

  • Played on: June 28, 2019, 9:10 a.m.
  • Length: 8:46

All games in this series

Show
View Real Time Build Order
Export as new Build Order

Namshar Zerg - Winner!

Build Orders: Hatch First 

Get SALT Encoding   

  12  0:01  Drone  
  13  0:12  Overlord  
  13  0:17  Drone  
  14  0:30  Drone  
  14  0:31  Drone  
  16  0:48  Hatchery  
  15  0:50  Drone  
  15  0:54  Drone  
  17  0:57  Drone  
  18  1:08  Extractor  
  17  1:12  Spawning Pool  
  17  1:16  Drone  
  17  1:19  Drone  
  18  1:28  Drone  
  19  1:39  Drone  
  20  1:49  Drone  
  21  2:00  Zergling x2, Queen x2  
  21  2:01  Overlord  
  26  2:07  Metabolic Boost  
  26  2:11  Drone x2  
  28  2:22  Zergling x2  
  29  2:23  Drone  
  30  2:32  Drone  
  30  2:33  Drone  
  30  2:36  Hatchery  
  31  2:44  Drone  
  32  2:50  Baneling Nest, Overlord  
  31  2:55  Drone  
  31  2:56  Drone  
  33  3:09  Drone  
  33  3:11  Zergling x12  
  33  3:12  Zergling x2  
  40  3:17  Drone  
  41  3:22  Queen  
  41  3:25  Overlord  
  43  3:30  Overlord  
  43  3:33  Baneling x2  
  43  3:39  Baneling x2  
  43  3:46  Zergling x6  
  44  3:49  Zergling x8  
  44  3:52  Zergling x4  
  48  4:07  Drone x4  
  48  4:09  Baneling x2  
  52  4:10  Baneling  
  52  4:12  Evolution Chamber  
  52  4:13  Overlord  
  52  4:15  Drone x2  
  51  4:27  Drone x6  
  55  4:34  Drone x4  
  57  4:42  Lair  
  55  4:45  Extractor  
  55  4:46  Extractor  
  55  4:51  Drone  
  55  4:52  Zergling x6, Drone  
  57  4:56  Zergling x4  
  57  4:57  Zergling x2  
  59  5:01  Roach Warren  
  59  5:05  Baneling  
  57  5:10  Zergling x16  
  64  5:19  Baneling  
  64  5:21  Baneling  
  62  5:24  Baneling x2  
  62  5:25  Overlord x2  
  62  5:28  Drone x3  
  64  5:29  Drone  
  66  5:42  Roach x3  
  72  5:47  Overlord  
  72  5:48  Roach  
  72  5:49  Roach  
  75  5:50  Drone x7  
  75  5:52  Extractor x2  
  77  5:58  Extractor  
  72  6:04  Drone  
  72  6:06  Drone  
  72  6:10  Roach  
  72  6:11  Extractor, Roach x6  
  89  6:15  Overlord  
  88  6:24  Overlord x2  
  88  6:26  Zerg Missile Weapons Level 1  
  88  6:30  Drone x6  
  94  6:37  Drone x2  
  96  6:40  Roach  
  96  6:41  Roach  
  96  6:44  Nydus Network  
  96  6:46  Drone  
  100  6:47  Overlord  
  100  6:49  Roach  
  100  6:50  Roach x2  
  100  6:54  Glial Reconstitution  
  106  6:55  Overlord  
  106  7:01  Roach x5  
  116  7:05  Overlord  
  116  7:06  Overlord  
  115  7:14  Overlord  
  117  7:15  Roach  
  117  7:16  Roach x3  
  117  7:20  Overseer  
  123  7:30  Roach x4  
  123  7:36  Hatchery  
  130  7:38  Nydus Canal  
  130  7:42  Roach x6  
  142  7:44  Overlord  
  142  7:57  Nydus Canal  
  136  7:58  Drone  
  136  7:59  Drone x7  
  136  8:01  Ravager x4  
  150  8:05  Roach  
  150  8:09  Roach x4  
  158  8:14  Nydus Canal  
  153  8:21  Roach x6  
Show
View Real Time Build Order
Export as new Build Order

HateMe Zerg 

Build Orders: Hatch First 

Get SALT Encoding   

  12  0:00  Drone  
  13  0:12  Overlord  
  13  0:17  Drone  
  14  0:30  Drone x2  
  16  0:48  Hatchery  
  15  0:51  Drone  
  15  0:55  Drone  
  17  0:58  Drone  
  18  1:09  Extractor  
  17  1:13  Spawning Pool  
  17  1:16  Drone  
  17  1:19  Drone  
  18  1:28  Drone  
  19  1:39  Drone  
  20  1:49  Drone  
  21  2:00  Overlord  
  21  2:01  Queen x2  
  21  2:02  Zergling x2  
  26  2:11  Drone x2  
  26  2:15  Metabolic Boost  
  28  2:21  Drone  
  28  2:22  Drone  
  30  2:32  Hatchery  
  30  2:35  Drone  
  30  2:39  Drone  
  30  2:43  Drone x2  
  33  2:47  Baneling Nest  
  32  2:53  Overlord  
  32  3:00  Zergling x2  
  33  3:05  Zergling x4  
  33  3:09  Zergling x2  
  33  3:12  Overlord  
  35  3:14  Zergling x6  
  35  3:18  Drone x2  
  40  3:22  Drone  
  41  3:32  Drone  
  41  3:33  Drone  
  43  3:37  Queen  
  43  3:41  Evolution Chamber  
  44  3:42  Baneling  
  44  3:43  Baneling  
  44  3:45  Drone x6  
  44  3:47  Drone  
  48  3:49  Drone  
  48  3:55  Drone  
  48  3:58  Zergling x4  
  50  4:04  Zergling x2  
  50  4:08  Zergling x4  
  49  4:17  Zergling x6  
  49  4:18  Zergling x8  
  53  4:26  Zergling x2, Zerg Ground Armor Level 1  
  53  4:30  Queen  
  53  4:32  Zergling x4  
  53  4:38  Zergling x2  
  54  4:40  Zergling x2  
  54  4:41  Zergling x2  
  53  4:47  Overlord x2  
  53  4:52  Zergling x8  
  57  5:06  Zergling x2  
  56  5:11  Zergling x14  
  61  5:19  Zergling x8  
  58  5:26  Overlord  
  58  5:31  Zergling x10  
  58  5:35  Baneling x2  
  62  5:42  Baneling x2  
  62  5:45  Drone x5  
  65  5:53  Drone x6  
  65  5:55  Roach Warren  
  67  5:57  Drone x4  
  67  5:58  Drone  
  68  6:07  Extractor  
  68  6:08  Extractor  
  65  6:15  Overlord  
  65  6:16  Drone x2  
  65  6:17  Drone  
  68  6:24  Queen  
  69  6:25  Lair  
  69  6:31  Overlord  
  69  6:34  Drone x11  
  69  6:37  Extractor  
  69  6:39  Extractor  
  77  6:40  Extractor  
  77  6:43  Overlord  
  77  6:45  Drone x2  
  77  6:57  Roach x7  
  91  7:05  Overlord  
  95  7:08  Roach x2  
  95  7:15  Overlord  
  95  7:26  Overseer  
  95  7:32  Baneling x2, Roach x6  
  107  7:39  Overlord  
  107  7:40  Overlord x2  
  107  7:42  Overlord  
  107  7:43  Roach x5  
  117  7:52  Roach x2  
  117  7:57  Overlord x2  
  117  7:58  Overlord  
  120  8:01  Baneling x2  
  120  8:11  Roach x7  
  132  8:14  Baneling x2  
  132  8:18  Roach x4  
  135  8:25  Zergling x2  
  131  8:30  Roach Warren  
Tags
 
Add a new tag
Caveats
  • Supply blocks, unpowered buildings, or Contaminate may cause inaccurate times.
  • Supply counts are checked every 10 seconds.